 Dungeon Crawl Stone Soup version 0.25.0-10-g039870ee82 (webtiles) character file.

Game seed: 17082938559184549725

319 schauveau the Cudgeler (level 6, 0/39 HPs)
             Began as a Gargoyle Monk on June 22, 2020.
             Was a Believer of Okawaru.
             Slain by Prince Ribbit (4 damage)
             ... on level 5 of the Dungeon.
             The game lasted 00:04:09 (3105 turns).

schauveau the Cudgeler (Gargoyle Monk)              Turns: 3105, Time: 00:04:10

Health: 0/39       AC: 12    Str: 16    XL:     6   Next: 45%
Magic:  0/6        EV: 10    Int: 11    God:    Okawaru [**....]
Gold:   156        SH:  0    Dex: 12    Spells: 5/5 levels left

rFire    . . .     SeeInvis .   a - +0 mace
rCold    . . .     Gourm    .   (no shield)
rNeg     + . .     Faith    .   h - +0 scale mail (curse)
rPois    ∞         Spirit   +   (no helmet)
rElec    +         Reflect  .   g - +0 cloak
rCorr    .         Harm     .   (no gloves)
MR       .....                  (no boots)
Stlth    +.........             e - amulet of guardian spirit
HPRegen  0.13/turn              (no ring)
MPRegen  0.10/turn              (no ring)

@: no status effects
A: negative energy resistance 1, electricity resistance, unbreathing,
petrification resistance, rot immunity, AC +4
a: Heroism, Renounce Religion


You were on level 5 of the Dungeon.
You worshipped Okawaru.
Okawaru was pleased with you.
You were not hungry.

You visited 1 branch of the dungeon, and saw 6 of its levels.

You collected 156 gold pieces.

Inventory:

Hand Weapons
 a - a +0 mace (weapon)
Armour
 g - a +0 cloak (worn)
 h - a cursed +0 scale mail (worn)
Jewellery
 e - an amulet of guardian spirit (around neck)
 j - an uncursed amulet of faith
Scrolls
 b - 2 scrolls of identify {unknown}
 i - 2 scrolls of amnesia {unknown}
 m - 3 scrolls of remove curse {unknown}
 o - 2 scrolls of magic mapping {unknown}
Potions
 d - a potion of ambrosia {unknown}
 l - a potion of invisibility {unknown}
 n - a potion of brilliance {unknown}
 p - a potion of resistance {unknown}
Comestibles
 c - 6 rations
 k - 2 chunks of flesh


   Skills:
 + Level 4.7 Fighting
 * Level 5.4 Maces & Flails
 + Level 3.1 Armour
 - Level 2.4 Dodging
 - Level 2.1 Stealth


You had 5 spell levels left.
You didn't know any spells.
Your spell library was empty.

Dungeon Overview and Level Annotations

Branches:
Dungeon (6/15)
 Temple: D:4-7

Altars:
Okawaru
Wu Jian

Annotations:
D:5 Prince Ribbit


Innate Abilities, Weirdness & Mutations

You are resistant to torment.
Your stone body is resilient. (AC +4)
You are immune to poison.
You resist negative energy. (rN+)
You are resistant to electric shocks. (rElec)
You can survive without breathing.
You are immune to petrification.
You are immune to rotting.


Message History

You hit Edmund but do no damage.
Edmund is almost dead.
Edmund hits you but does no damage.
You hit Edmund but do no damage.
Edmund is almost dead.
Edmund closely misses you.
You sock Edmund!
You kill Edmund!
Okawaru is honoured by your kill.
Your Maces & Flails skill increases to level 5!
Your Armour skill increases to level 3!
You have reached level 6!
Your experience leads to an increase in your attributes!
Increase (S)trength, (I)ntelligence, or (D)exterity?
You feel stronger. Prince Ribbit barely misses you.
You miss Prince Ribbit.
Prince Ribbit hops awkwardly around.
Prince Ribbit hits you.
You die...

#.# ####.# ##.## #.# #.
## ###...#####.# .# #. .
#...........##>#.. ..
#..............#. ..#
#.....###.......... ....
#...<.###...............
#..÷........#.####....#
##.....#####....@F).?.#
#......# ###.####..##
#.#..#.# #.# .#
#.#..#.#### #.# #
#.#.......####.#
#.##...........#
#####..###### #........
#.######.


You could see Prince Ribbit.

Vanquished Creatures
  Edmund (D:5)
  A crimson imp (D:5)
  Crazy Yiuf (D:2)
  A hound skeleton (D:4)
  4 adders
  4 oozes
  3 dart slugs
  5 leopard geckos
  4 orcs
  7 giant cockroaches
  10 goblins
  6 hobgoblins
  5 kobolds
  A quokka (D:3)
  3 bats
  A quokka skeleton (D:5)
  3 rats
60 creatures vanquished.

Notes
Turn   | Place    | Note
-------+----------+-------------------------------------------
     0 | D:1      | schauveau the Gargoyle Monk began the quest for the Orb.
     0 | D:1      | Reached XP level 1. HP: 14/14 MP: 1/1
   228 | D:1      | Reached XP level 2. HP: 12/19 MP: 2/2
   459 | D:1      | Reached skill level 1 in Armour
   734 | D:1      | Reached XP level 3. HP: 18/23 MP: 3/3
  1486 | D:2      | Reached skill level 4 in Maces & Flails
  1540 | D:2      | Reached XP level 4. HP: 25/29 MP: 4/4
  1750 | D:2      | Found a runed translucent door.
  1751 | D:2      | Noticed Crazy Yiuf
  1954 | D:2      | Killed Crazy Yiuf
  2375 | D:3      | Found an ornate altar of the Wu Jian Council.
  2461 | D:3      | Reached XP level 5. HP: 31/33 MP: 3/5
  2484 | D:3      | Found an iron altar of Okawaru.
  2497 | D:3      | Became a worshipper of Warmaster Okawaru
  2497 | D:3      | Reached * piety under Okawaru
  2497 | D:3      | Reached ** piety under Okawaru
  2812 | D:3      | You fall into a shaft and drop 3 floors!
  2813 | D:6      | Noticed an ice beast
  2824 | D:5      | Entered Level 5 of the Dungeon
  2976 | D:4      | Noticed an ogre
  3050 | D:5      | Noticed Prince Ribbit
  3053 | D:5      | Noticed Edmund
  3104 | D:5      | Killed Edmund
  3104 | D:5      | Reached skill level 5 in Maces & Flails
  3104 | D:5      | Reached XP level 6. HP: 3/39 MP: 1/6
  3105 | D:5      | Slain by Prince Ribbit

Illustrated notes

Levels and vault maps discovered:
D:1:      minmay_arrival_nine_rooms, layout_basic
D:2:      cheibrodos_old_hovel, layout_basic, uniq_crazy_yiuf_cottage
D:3:      layout_rooms, lemuel_crystal_altar, nicolae_overflow_crystal_walls,
          first_ration
D:4:      layout_loops_ring, kennysheep_little_box,
          nicolae_gozag_zags_fifth_avenue, serial_shops, shop_statue, shop,
          shop_fountains
D:5:      layout_loops_ring, tgw_trog, uniq_prince_ribbit1, uniq_edmund
D:6:      layout_cave_pools, kennysheep_vampire_church, xom_teletrap_fun,
          minmay_temple_entry_offerings, uniq_duvessa

Skill      XL: |  1  2  3  4  5 |
---------------+----------------+-----
Armour         | 1 2 3 |  3.1
Maces & Flails | 4 5 |  5.4
Fighting       | 4 |  4.7
Dodging        | |  2.4
Stealth        | |  2.1

Action                   |  1- 3 |  4- 6 || total
-------------------------+-------+-------++-------
Melee: Mace              |    67 |   206 ||   273
  Use: Scroll            |     1 |       ||     1
       Potion            |       |     2 ||     2
 Stab: Sleeping          |     1 |       ||     1
       Invisible         |       |     1 ||     1
  Eat: Chunk             |     2 |     5 ||     7
Armor: Robe              |     5 |       ||     5
       Scale mail        |    25 |   111 ||   136
Dodge: Dodged            |    37 |   109 ||   146
